 Dungeon Crawl Stone Soup version 0.32-a0-747-gc8563f6773 (webtiles) character file.

Game seed: 6437692426127283718

3073 dialectric the Changeling (level 9, -1/69 HPs)
             Began as a Demonspawn Shapeshifter on Mar 18, 2024.
             Slain by a troll (15 damage)
             ... on level 7 of the Dungeon.
             The game lasted 00:09:58 (5879 turns).

dialectric the Changeling (Demonspawn Shapeshifter) Turns: 5879, Time: 00:09:59

Health: -1/69      AC:  7    Str: 18    XL:     9   Next: 58%
Magic:  9/9        EV: 14    Int: 11    God:
Gold:   369        SH:  0    Dex: 19    Spells: 8/8 levels left

rFire   . . .        y - +1 whip (flame)
rCold   . . .        (no shield)
rNeg    + . .        k - +0 steam dragon scales
rPois   .            (helmet currently unavailable)
rElec   .            (cloak currently unavailable)
rCorr   .            (gloves currently unavailable)
SInv    .            (boots currently unavailable)
Will    .....        (no amulet)
Stlth   ++           A - +6 ring of dexterity
HPRegen 0.31/turn    o - ring of positive energy
MPRegen 0.22/turn

%: no passive effects
@: beast-form
A: beast (slay +3), horns 2, slimy green scales 1, spiny 1, magic regeneration
a: Begin Untransformation


You were on level 7 of the Dungeon.
You were a hulking beast.
You visited 1 branch of the dungeon, and saw 7 of its levels.

You collected 369 gold pieces.

Inventory:

Hand Weapons
 w - a +1 heavy mace
 y - a +1 whip of flaming (weapon)
 E - a +2 flail of protection
Missiles
 m - 2 javelins (quivered)
 r - 5 poisoned darts
 t - a throwing net
Armour
 a - a +0 animal skin
 f - a +0 scale mail
 k - +0 steam dragon scales (worn)
 z - a +0 pair of gloves
 F - a +1 hat
Jewellery
 o - a ring of positive energy (right hand)
 A - a +6 ring of dexterity (left hand)
 G - an amulet of faith
Talismans
 c - a beast talisman (active)
 d - a flux talisman
 v - a talisman of death
Wands
 b - a wand of flame (18)
 l - a wand of acid (9)
 x - a wand of warping (10)
 H - a wand of polymorph (7)
Scrolls
 e - 3 scrolls of noise {unknown}
 g - 2 scrolls of vulnerability
 h - 4 scrolls of fog
 i - a scroll of revelation {unknown}
 j - 7 scrolls of identify
 n - a scroll of brand weapon {unknown}
 p - 2 scrolls of amnesia {unknown}
 q - 2 scrolls of blinking
 s - a scroll of enchant weapon
 B - 2 scrolls of poison
 C - 2 scrolls of teleportation {unknown}
 D - a scroll of fear
Potions
 u - a potion of ambrosia


   Skills:
 + Level 6.2 Fighting
 + Level 3.9 Armour
 + Level 6.0 Dodging
 - Level 5.4 Unarmed Combat
 * Level 6.8 Shapeshifting


You had 8 spell levels left.
You didn't know any spells.
Your spell library contained the following spells:

 Spells                   Type           Power      Damage    Failure   Level
 Magic Dart               Conj           0%         1d3       34%         1
 Slow                     Hex            0%         N/A       34%         1
 Blink                    Tloc           0%         N/A       47%         2
 Call Imp                 Summ           0%         N/A       47%         2
 Confusing Touch          Hex            0%         N/A       71%         3
 Vampiric Draining        Necr           0%         2d6       71%         3


Dungeon Overview and Level Annotations

Branches:
Dungeon (7/15)             Temple (0/1) D:7

Altars:
Fedhas
Gozag
Hepliaklqana
Kikubaaqudgha
Nemelex Xobeh
Qazlal
Trog
Wu Jian

Annotations:
D:4 1 runed translucent door, Crazy Yiuf


Innate Abilities, Weirdness & Mutations

You are a hulking beast.
Your limbs bulge with bestial killing power. (Slay +3)
You have a pair of horns on your head.
You are partially covered in slimy green scales. (AC +2)
You are partially covered in sharp spines.
You regenerate magic rapidly.


Message History

Key pressed, stopping explore.
No target in view!
A troll comes into view.
A troll is nearby!
The troll is struck by your spines. The troll closely misses you.
The troll barely misses you. The troll claws you.
You closely miss the troll.
The troll is lightly wounded.
The troll is struck by your spines. The troll misses you.
The troll claws you but does no damage. The troll completely misses you.
You hit the troll. You burn the troll.
The troll is lightly wounded.
The troll bites you! The troll barely misses you. x2
You hit the troll. You burn the troll. You headbutt the troll!
The troll is heavily wounded.
The troll is struck by your spines. The troll bites you!
The troll claws you but does no damage. The troll claws you.
You hit the troll. You burn the troll. Your headbutt misses the troll.
The troll is almost dead.
The troll bites you. The troll closely misses you.
The troll completely misses you.
You barely miss the troll.
The troll is almost dead.
The troll misses you. The troll claws you. The troll misses you.
You hit the troll but do no damage.
The troll is almost dead.
The troll bites you! The troll completely misses you.
The troll claws you but does no damage. The troll is struck by your spines.
The troll bites you. The troll barely misses you. The troll claws you!
* * * LOW HITPOINT WARNING * * *
You are too injured to fight recklessly!
You are too injured to fight recklessly!
You are too injured to fight recklessly!
You are too injured to fight recklessly!
You are too injured to fight recklessly!
You are too injured to fight recklessly!
You barely miss the troll.
The troll is almost dead.
The troll is struck by your spines. The troll bites you!
You die...

# .## #.# ### ... ..
..# ##.# .. #.# ..# .
#.# ## #T# .# #.# #.
#h# ###.# ###.###.
#.# #... #.......
####.###.#####.......
#................####
#.##.###.#####.......
# #.# #........#####
#.# #.#####..# ..#
#.# #.†# ### #.# #..#


You could see a troll.

Vanquished Creatures
  Pikel (D:4)
  Sigmund (D:5)
  A wyvern (D:7)
  A steam dragon (D:7)
  Edmund (D:5)
  A water moccasin (D:6)
  Duvessa (D:4)
  3 ice beasts
  3 lemures (D:4)
  5 bullfrogs
  A kobold brigand (D:6)
  4 scorpions
  Dowan (D:4)
  4 wights (D:7)
  2 howler monkeys (D:6)
  A bombardier beetle (D:4)
  4 hounds
  2 orc priests
  A jelly (D:6)
  4 iguanas (D:5)
  3 orc wizards
  Ijyb (D:4)
  9 adders
  2 white imps
  2 ufetubi (D:5)
  A dart slug (D:2)
  12 orcs
  5 ball pythons
  4 endoplasms
  4 giant cockroaches
  6 goblins
  3 hobgoblins
  18 jackals
  10 kobolds
  3 quokkas
  6 bats
  A frilled lizard (D:2)
  3 rats
135 creatures vanquished.

Notes
Turn   | Place    | Note
-------+----------+-------------------------------------------
     0 | D:1      | dialectric the Demonspawn Shapeshifter began the quest for
                  | the Orb.
     0 | D:1      | Reached XP level 1. HP: 15/15 MP: 1/1
   126 | D:1      | Gained mutation: You have a pair of small horns on your
                  | head. [demonic ancestry]
   126 | D:1      | Reached XP level 2. HP: 21/21 MP: 2/2
   674 | D:1      | Gained mutation: You have a pair of horns on your head.
                  | [demonic ancestry]
   674 | D:1      | Reached XP level 3. HP: 24/27 MP: 3/3
  1730 | D:3      | Found an ancient bone altar of Kikubaaqudgha.
  1744 | D:3      | Reached XP level 4. HP: 33/33 MP: 4/4
  1968 | D:4      | Noticed Ijyb
  1973 | D:4      | Killed Ijyb
  2075 | D:4      | Gained mutation: You are partially covered in sharp spines.
                  | [demonic ancestry]
  2075 | D:4      | Reached XP level 5. HP: 39/39 MP: 5/5
  2247 | D:4      | Reached XP level 6. HP: 47/47 MP: 6/6
  2344 | D:4      | Noticed Duvessa
  2363 | D:4      | Noticed Dowan
  2364 | D:4      | Killed Duvessa
  2370 | D:4      | Killed Dowan
  2651 | D:4      | Noticed Pikel
  2689 | D:4      | Killed Pikel
  2690 | D:4      | Reached skill level 5 in Unarmed Combat
  2690 | D:4      | Gained mutation: You regenerate magic rapidly. [demonic
                  | ancestry]
  2690 | D:4      | Reached XP level 7. HP: 18/54 MP: 7/7
  2870 | D:4      | Found a runed translucent door.
  2871 | D:4      | Noticed Crazy Yiuf
  3091 | D:5      | Entered Level 5 of the Dungeon
  3195 | D:5      | Gained mutation: You are partially covered in slimy green
                  | scales. (AC +2) [demonic ancestry]
  3195 | D:5      | Reached XP level 8. HP: 33/61 MP: 8/8
  3308 | D:5      | Reached skill level 1 in Armour
  3365 | D:5      | Noticed Sigmund
  3378 | D:5      | Noticed Edmund
  3548 | D:5      | Found an opulent altar of Gozag.
  3684 | D:5      | Reached skill level 5 in Shapeshifting
  3736 | D:5      | Killed Sigmund
  3737 | D:5      | Reached skill level 5 in Fighting
  3750 | D:5      | Reached skill level 5 in Dodging
  3816 | D:5      | Killed Edmund
  4317 | D:6      | Reached XP level 9. HP: 68/68 MP: 9/9
  4438 | D:6      | Found an ornate altar of the Wu Jian Council.
  4439 | D:6      | Found a hazy altar of Hepliaklqana.
  4439 | D:6      | Found a bloodstained altar of Trog.
  4440 | D:6      | Found a sparkling altar of Nemelex Xobeh.
  5562 | D:7      | Found a blossoming altar of Fedhas.
  5566 | D:7      | Found a stormy altar of Qazlal.
  5751 | D:7      | Found a staircase to the Ecumenical Temple.
  5869 | D:7      | Noticed a troll
  5879 | D:7      | Slain by a troll

Illustrated notes

Levels and vault maps discovered:
D:1:      elethiomel_arrival_quiet, layout_basic, nicolae_hexahallways,
          serial_bayou_pond_d
D:2:      layout_loops_ring, basic_altar
D:3:      lemuel_castle_with_subvaults [lemuel_castle_interior_original],
          layout_loops_corners, mainiacjoe_overflow_small_starburst
D:4:      layout_basic, uniq_pikel, uniq_duvessa, uniq_ijyb,
          uniq_crazy_yiuf_cottage
D:5:      layout_loops_ring, mainiacjoe_overflow_paths, uniq_sigmund,
          uniq_edmund
D:6:      layout_basic, chequers_temple_overflow_statue_of_worship,
          glass_columns_a
D:7:      layout_loops_ring, grunt_temple_overflow_forces_of_nature,
          minmay_temple_entry_tees

Skill      XL: |  1  2  3  4  5  6  7  8  9 |
---------------+----------------------------+-----
Dodging        | 2 3 4 5 6 |  6.0
Unarmed Combat | 3 5 |  5.4
Shapeshifting  | 3 4 5 6 |  6.8
Fighting       | 2 3 4 5 6 |  6.2
Armour         | 2 3 |  3.9

Action                     |  1- 3 |  4- 6 |  7- 9 || total
---------------------------+-------+-------+-------++-------
  Melee: Unarmed           |   115 |    93 |       ||   208
         Punch             |     3 |     2 |       ||     5
         Headbutt          |    12 |    11 |    32 ||    55
         Whip              |       |       |   173 ||   173
  Throw: Javelin           |       |       |     3 ||     3
  Evoke: Wand              |       |       |     3 ||     3
    Use: Scroll            |       |     3 |     4 ||     7
         Potion            |       |     4 |     2 ||     6
   Stab: Distracted        |       |       |     1 ||     1
 Armour: Scale mail        |    71 |    65 |   124 ||   260
         Animal skin       |     5 |       |       ||     5
         Skin              |       |     2 |       ||     2
         Steam dragon scal |       |       |    28 ||    28
  Dodge: Dodged            |    43 |    47 |   123 ||   213

Table legend: (Time is in decaauts)
 A = Elapsed time spent in this place.
 B = Non-inter-level travel time spent in this place.
 C = Inter-level travel time spent in this place.
 D = Time resting spent in this place.
 E = Time spent auto-exploring this place.
 F = Levels seen in this place.
 G = Mean time per level.
                   A        B        C        D        E       F      G
               +--------+--------+--------+--------+--------+-----+--------+
         Total |   5883 |   5651 |    232 |    358 |   4072 |   7 |  840.4 |
       Dungeon |   5883 |   5651 |    232 |    358 |   4072 |   7 |  840.4 |
               +--------+--------+--------+--------+--------+-----+--------+

Top non-repeatable levels by time:
     D:4: 1201 daAuts
     D:5: 1113 daAuts
     D:7: 901 daAuts
     D:1: 869 daAuts
     D:2: 709 daAuts
     D:6: 705 daAuts
     D:3: 382 daAuts
